 Dungeon Crawl Stone Soup version 0.22.0-49-gab54619 (webtiles) character file.

75 vatarom the Skirmisher (level 4, 0/37 HPs)
             Began as a Formicid Abyssal Knight on Sept 6, 2018.
             Was a Believer of Lugonu.
             Succumbed to an adder's poison
             ... on level 2 of the Dungeon.
             The game lasted 00:04:00 (1633 turns).

vatarom the Skirmisher (Formicid Abyssal Knight)    Turns: 1633, Time: 00:04:01

Health: 0/37       AC:  6    Str: 17    XL:     4   Next: 55%
Magic:  6/6        EV: 11    Int: 11    God:    Lugonu [**....]
Gold:   108        SH:  0    Dex: 11    Spells: 3/3 levels left

rFire    . . .     SeeInvis +   a - +1 hand axe
rCold    . . .     Gourm    .   (no shield)
rNeg     . . .     Faith    .   b - +0 leather armour
rPois    .         Spirit   .   (helmet unavailable)
rElec    .         Reflect  .   (no cloak)
rCorr    .         Harm     .   o - +1 pair of gloves
MR       .....                  n - +0 pair of boots
Stlth    ++........             (no amulet)
HPRegen  0.12/turn              (no ring)
MPRegen  0.10/turn              (no ring)

@: lethally poisoned (0 -> -16), flying
A: permanent stasis, dig shafts and tunnels, four strong arms, antennae 3
a: Dig, Shaft Self, Depart the Abyss, Bend Space, Renounce Religion


You were on level 2 of the Dungeon.
You worshipped Lugonu.
Lugonu was pleased with you.
You were not hungry.

You visited 1 branch of the dungeon, and saw 2 of its levels.
You visited the Abyss 1 time.

You collected 108 gold pieces.

Inventory:

Hand Weapons
 a - a +1 hand axe (weapon)
Armour
 b - a +0 leather armour (worn)
 n - a +0 pair of boots (worn)
 o - a +1 pair of gloves (worn)
Scrolls
 e - a scroll of magic mapping {unknown}
 g - a scroll of remove curse {unknown}
 j - a scroll of enchant weapon {unknown}
 k - a scroll of noise {unknown}
 l - 2 scrolls of amnesia {unknown}
 m - 2 scrolls of teleportation {unknown}
 p - 2 scrolls of identify {unknown}
 q - a scroll of immolation {unknown}
Potions
 i - 2 potions of berserk rage
Comestibles
 c - 5 rations {@e1}
 f - a chunk of flesh


   Skills:
 + Level 3.7 Fighting
 * Level 2.9 Axes
 - Level 2.3 Armour
 - Level 1.0 Dodging
 * Level 2.2 Stealth
 + Level 3.0 Invocations


You had 3 spell levels left.
You didn't know any spells.
Your spell library was empty.

Dungeon Overview and Level Annotations

Branches:
Dungeon (2/15)

Altars:


Innate Abilities, Weirdness & Mutations

You cannot be hasted, slowed, berserked, paralysed or teleported.
You can dig through walls and to a lower floor.
Your four strong arms can wield two-handed weapons with a shield.
You have a pair of large antennae on your head. (SInv)


Message History

You feel sick. The adder closely misses you.
You closely miss the adder.
The adder is almost dead.
* * * LOW HITPOINT WARNING * * *
You feel sick. The adder closely misses you.
It was a potion of haste.
Your stasis prevents you from being hasted.
* * * LOW HITPOINT WARNING * * *
You feel sick. The adder bites you.
* * * LOW HITPOINT WARNING * * *
You are more poisoned.
The adder poisons you! The adder bites you but does no damage.
It was a potion of flight.
You feel very buoyant.
You fly up into the air.
* * * LOW HITPOINT WARNING * * *
You feel sick. The adder misses you.
* * * LOW HITPOINT WARNING * * *
You feel sick.
You die...

{ ###### #....# #....#
#....# . #....# ...
#....####.$.#########.....
'....'..+.......@.S)'.....
#....#..#...#####.###(....
#....##.# #.# ...
#....##.## #.# .
#....##..# #.# {
#....###.# #.# #....# #.##
#####'######## ###### #..#
#............# ##.#
#............#


You could see an adder.

Vanquished Creatures
  3 adders (D:2)
  An ooze (D:2)
  An adder zombie (D:2)
  A dart slug (D:1)
  A worm (D:2)
  A leopard gecko (D:1)
  2 giant cockroaches (D:2)
  A goblin (D:1)
  7 hobgoblins
  6 jackals
  A ball python (D:2)
  3 frilled lizards
  3 kobolds
  5 rats
36 creatures vanquished.

Notes
Turn   | Place    | Note
-------+----------+-------------------------------------------
     0 | Abyss:1  | vatarom the Formicid Abyssal Knight began the quest for the
                  | Orb.
     0 | Abyss:1  | Reached XP level 1. HP: 18/18 MP: 2/2
    71 | Abyss:1  | Found a corrupted altar of Lugonu.
   110 | D:1      | Escaped the Abyss
   231 | D:1      | Reached skill level 1 in Dodging
   343 | D:1      | Reached XP level 2. HP: 22/24 MP: 3/3
   850 | D:2      | Reached XP level 3. HP: 25/29 MP: 5/5
   863 | D:2      | Reached skill level 1 in Stealth
  1357 | D:2      | Reached ** piety under Lugonu
  1357 | D:2      | Reached XP level 4. HP: 35/36 MP: 6/6
  1633 | D:2      | Succumbed to an adder's poison

Skill      XL: |  1  2  3  4 |
---------------+-------------+-----
Dodging        | 1 |  1.0
Stealth        | 1 2 |  2.2
Invocations    | 3 |  3.0
Fighting       | |  3.7
Axes           | |  2.9
Armour         | |  2.3

Action                   |  1- 3 |  4- 6 || total
-------------------------+-------+-------++-------
Melee: Hand axe          |    91 |    50 ||   141
  Use: Potion            |       |     3 ||     3
 Stab: Sleeping          |       |     1 ||     1
  Eat: Chunk             |     1 |     1 ||     2
Armor: Leather armour    |    40 |    24 ||    64
Dodge: Dodged            |    67 |    29 ||    96
